 Dungeon Crawl Stone Soup version 0.26-b1-32-g5d43845318 (webtiles) character file.

Game seed: 8392293947557458846

77723 Borgoz the Bludgeoner (level 15, -7/99 HPs)
             Began as a Gargoyle Fighter on Jan 12, 2021.
             Was a High Priest of Ashenzari.
             Mangled by an orc knight
             ... wielding the +4 great mace of the Hawk {antimagic, rElec rF- rC+++ Str-2}
              (16 damage)
             ... on level 15 of the Dungeon on Jan 13, 2021.
             The game lasted 00:31:59 (22678 turns).

Borgoz the Bludgeoner (Gargoyle Fighter)           Turns: 22678, Time: 00:32:00

Health: -7/99      AC: 36    Str: 21    XL:     15   Next: 57%
Magic:  10/15      EV: 22    Int:  9    God:    Ashenzari [*****.]
Gold:   1886       SH: 10    Dex: 14    Spells: 14/14 levels left

rFire    + + .     SeeInvis +   I - +4 morningstar (curse)
rCold    + . .     Faith    .   c - +0 kite shield
rNeg     + + .     Spirit   .   D - +5 scale mail of Tiom {Slay+3}
rPois    ∞         Reflect  .   t - +0 helmet of the Iron City of Dis {rF+ rN+}
rElec    +         Harm     .   M - +2 cloak {rCorr} (curse)
rCorr    +         Rampage  .   a - +2 pair of gloves
Will     +....     Clarity  +   L - +0 pair of boots (curse)
Stlth    ..........             C - amulet of regeneration
HPRegen  0.66/turn              A - +4 ring of evasion
MPRegen  0.14/turn              o - ring "Qeigel" {+Inv rF+ rC+ EV+4} (curse)

@: flying
A: big wings, negative energy resistance 1, electricity resistance, unbreathing,
petrification resistance, miasma immunity, AC +11
a: Stop Flying, Renounce Religion, Evoke Invisibility, Curse Item, Scrying,
Transfer Knowledge


You were on level 15 of the Dungeon.
You worshipped Ashenzari.
Ashenzari was extremely pleased with you.
You visited 3 branches of the dungeon, and saw 22 of its levels.

You collected 4274 gold pieces.
You spent 2388 gold pieces at shops.

Inventory:

Hand Weapons
 I - a cursed +4 morningstar (weapon)
Missiles
 y - a throwing net (quivered)
Armour
 a - a +2 pair of gloves (worn)
 c - a +0 kite shield (worn)
 t - the +0 helmet of the Iron City of Dis (worn) {rF+ rN+}
   (You found it on level 8 of the Dungeon)

   It protects you from fire.
   It protects you from negative energy.
 D - the +5 scale mail of Tiom (worn) {Slay+3}
   (You bought it in a shop on level 9 of the Dungeon)

   It affects your accuracy and damage with ranged weapons and melee attacks
   (+3).
 L - a cursed +0 pair of boots (worn)
 M - a cursed +2 cloak of preservation (worn)
Jewellery
 o - the cursed ring "Qeigel" (right hand) {+Inv rF+ rC+ EV+4}
   (You bought it in a shop on level 7 of the Dungeon)

   [ring of evasion]

   It affects your evasion (+4).
   It protects you from fire.
   It protects you from cold.
   It lets you turn invisible.
   It has a curse placed upon it.
 p - an uncursed ring of protection from fire
 A - a +4 ring of evasion (left hand)
 C - an amulet of regeneration (around neck)
 K - an uncursed ring of protection from cold
Wands
 v - a wand of iceblast (8)
 w - a wand of disintegration (14)
 F - a wand of flame (25)
 J - a wand of digging (9)
Scrolls
 e - 17 scrolls of teleportation
 f - 3 scrolls of fog
 g - 8 scrolls of remove curse
 n - 6 scrolls of enchant armour
 q - 4 scrolls of identify
 r - 6 scrolls of blinking
 u - 4 scrolls of magic mapping
 x - 2 scrolls of fear
 E - a scroll of holy word
 G - a scroll of enchant weapon
Potions
 b - a potion of ambrosia
 d - a potion of brilliance
 h - 2 potions of might
 i - 2 potions of resistance
 j - 3 potions of mutation
 k - a potion of berserk rage
 l - a potion of magic
 m - 6 potions of heal wounds
 s - 7 potions of cancellation
 z - 3 potions of haste
 B - 2 potions of curing
 H - 2 potions of invisibility


   Skills:
 + Level 13.4 Fighting
 * Level 16.5(19.9) Maces & Flails
 + Level 13.4 Armour
 + Level 10.3 Dodging
 - Level 5.0 Shields


You had 14 spell levels left.
You didn't know any spells.
Your spell library contained the following spells:

 Spells                   Type           Power        Failure   Level
 Apportation              Tloc           0%           97%         1
 Corona                   Hex            0%           97%         1
 Summon Small Mammal      Summ           0%           97%         1
 Call Imp                 Summ           0%           99%         2
 Searing Ray              Conj           0%           99%         2
 Slow                     Hex            0%           99%         2
 Call Canine Familiar     Summ           0%           100%        3
 Inner Flame              Hex/Fire       0%           100%        3
 Lesser Beckoning         Tloc           0%           100%        3
 Portal Projectile        Hex/Tloc       0%           100%        3
 Summon Guardian Golem    Hex/Summ       0%           100%        3
 Tukima's Dance           Hex            0%           100%        3
 Cause Fear               Hex            0%           100%        4
 Leda's Liquefaction      Hex/Erth       0%           100%        4
 Petrify                  Tmut/Erth      0%           100%        4
 Summon Ice Beast         Ice/Summ       0%           100%        4
 Summon Lightning Spire   Summ/Air       0%           100%        4
 Alistair's Intoxication  Tmut/Pois      0%           100%        5
 Bolt of Magma            Conj/Fire/Erth 0%           100%        5
 Silence                  Hex/Air        0%           100%        5
 Yara's Violent Unravell  Hex/Tmut       0%           100%        5
 Conjure Ball Lightning   Conj/Air       0%           100%        6
 Invisibility             Hex            0%           100%        6
 Discord                  Hex            0%           100%        8


Dungeon Overview and Level Annotations

Branches:
Dungeon (15/15)            Temple (1/1) D:4            Lair (6/6) D:11
 Shoals (0/4) Lair:4        Snake (0/4) Lair:3        Slime (0/5) Lair:5
    Orc (0/2) D:9          Vaults (0/5) D:14         Depths (0/5) D:15

Altars:
Ashenzari
Cheibriados
Dithmenos
Elyvilon
Fedhas
Gozag
Hepliaklqana
Kikubaaqudgha
Makhleb
Nemelex Xobeh
Okawaru
Qazlal
Ru
Sif Muna
Trog
Uskayaw
Vehumet
Wu Jian
Xom
Yredelemnul
Zin
The Shining One

Shops:
D:5 *   D:7 =   D:9 *[   D:10 *   D:15 *?!(

Annotations:
D:15 1 transporter, Borgoz's ghost, journeyman MiFi


Innate Abilities, Weirdness & Mutations

You are resistant to torment.
Your stone body is resilient. (AC +11)
You are immune to poison.
Your large and strong wings let you fly indefinitely.
You resist negative energy. (rN+)
You are resistant to electric shocks. (rElec)
You can survive without breathing.
You are immune to petrification.
You are immune to miasma.


Message History

You impale the orc knight!!
The orc knight is moderately wounded.
The cyclops is no longer berserk.
The orc knight hits you with the +4 great mace of the Hawk {antimagic, rElec rF- rC+++ Str-2}.
You feel your power leaking away.
You closely miss the orc knight.
The orc knight is moderately wounded.
The orc knight completely misses you.
You hit the orc knight.
The orc knight is moderately wounded.
The orc knight hits you with the +4 great mace of the Hawk {antimagic, rElec rF- rC+++ Str-2}!!
* * * LOW HITPOINT WARNING * * *
You feel your power leaking away.
You hit the orc knight but do no damage.
The orc knight is moderately wounded.
You block the orc knight's attack.
You hit the orc knight.
The orc knight is moderately wounded.
The orc knight hits you with the +4 great mace of the Hawk {antimagic, rElec rF- rC+++ Str-2}!
You die...

........###..#...##.....)##).....
#.......#..###....#.....####...##
#......##..#≈#....##...## #....#
#......#y..#)(...(.#...# ##..<##
#.....©#W...?_..#.©#©..# #...##
#......#...#).. #CC#..## #..##
#......##.#≈#.###y##.## ##..#
#.......#####...o##..# ##..##
........## #....@##.####...#
.........###.(.###........##
###........#####...........#
#..................####..##
#........#######...## #...#
##........# ##...# ##..##
#.........## ##...## #...#
#..........######.....###...## #
#.......................##...###


You could see an orc knight (berserk), a moth of wrath and 2 cyclopes.

Vanquished Creatures
  Rupert (D:14)
  A fire giant (D:15)
  Nessos (D:14)
  The ghost of Fuxod the Fighter, a journeyman GnWn of Xom (Lair:3)
  The ghost of Hyawatha the Blocker, a journeyman GrGl of Okawaru (Lair:6)
  8 hydras
  4 boulder beetles
  A death knight (D:14)
  A merfolk avatar (Lair:6)
  A catoblepas (D:15)
  A centaur warrior (D:14)
  5 death yaks
  2 two-headed ogres
  4 tengu warriors
  A sea snake (Lair:6)
  A fire crab (Lair:6)
  2 wizards (D:13)
  An orc knight (D:14)
  An orb spider (shapeshifter) (D:15)
  A harpy (Lair:6)
  3 cyclopes
  14 ugly things
  3 deep elf magi
  An oklob plant (Lair:5)
  2 moths of wrath
  5 elephants (Lair:6)
  A centaur zombie (D:12)
  5 manticores
  2 black mambas
  A torpor snail (Lair:3)
  A gargoyle (D:14)
  8 cane toads
  13 komodo dragons
  3 kobold demonologists (D:15)
  An efreet (D:14)
  A redback zombie (D:14)
  5 rime drakes
  8 trolls
  2 polar bears
  A merfolk (Lair:4)
  5 hornets
  21 blink frogs
  A meliai (D:10)
  2 slime creatures (Lair:5)
  8 dream sheep (Lair:6)
  A centaur simulacrum (D:15)
  Sigmund (D:2)
  2 shadows
  2 wraiths
  3 basilisks
  A vampire (D:14)
  3 wyverns
  22 yaks
  14 humans (D:14)
  Grum (D:11)
  2 vampire mosquitoes (D:12)
  An acid dragon (D:15)
  27 water moccasins
  Duvessa (D:7)
  A sky beast (D:8)
  11 orc warriors
  2 ice beasts
  3 black bears
  7 necrophages
  An eye of draining (D:12)
  2 phantoms
  6 ogres
  24 wolves
  2 centaurs
  2 big kobolds
  21 bullfrogs
  Dowan (D:7)
  A water moccasin zombie (D:11)
  2 scorpions
  2 wyvern skeletons (D:11)
  13 killer bees
  11 wights
  An electric eel (Lair:4)
  8 howler monkeys
  A quasit (D:10)
  A bullfrog zombie (D:8)
  3 centaur skeletons
  5 orc priests
  11 jellies
  9 orc wizards
  A bullfrog skeleton (D:12)
  3 hounds
  5 iguanas
  10 worker ants
  3 worker ant zombies
  4 gnolls (D:5)
  23 adders
  A shadow imp (D:8)
  3 white imps
  An ufetubus (D:6)
  14 oozes
  An adder skeleton (D:4)
  2 adder zombies
  4 worms
  A dart slug (D:1)
  6 leopard geckos
  48 orcs
  4 ball pythons
  6 giant cockroaches
  11 goblins
  7 hobgoblins
  9 jackals
  4 quokkas
  7 bats
  8 frilled lizards
  18 kobolds
  A leopard gecko zombie (D:5)
  A quokka zombie (D:7)
  9 rats
  2 bushes (D:13)
605 creatures vanquished.

Vanquished Creatures (others)
  A wizard (D:12)
  A cane toad (Lair:6)
  2 rime drakes (Lair:6)
  A komodo dragon (Lair:6)
  A blink frog (Lair:6)
  A yak (Lair:6)
  2 humans (D:14)
  A frilled lizard (D:2)
  A rat (D:2)
  2 bushes (Lair:6)
  29 fungi
  36 plants
78 creatures vanquished.

Grand Total: 683 creatures vanquished

Notes
Turn   | Place    | Note
-------+----------+-------------------------------------------
     0 | D:1      | Borgoz the Gargoyle Fighter began the quest for the Orb.
     0 | D:1      | Reached XP level 1. HP: 14/14 MP: 1/1
   224 | D:1      | Reached XP level 2. HP: 19/19 MP: 2/2
   466 | D:1      | You fall into a shaft and drop 1 floor!
   488 | D:2      | Reached XP level 3. HP: 23/23 MP: 3/3
   861 | D:2      | Reached skill level 3 in Maces & Flails
   861 | D:2      | Reached XP level 4. HP: 21/29 MP: 4/4
   904 | D:2      | Reached skill level 1 in Dodging
  1329 | D:2      | Reached XP level 5. HP: 30/33 MP: 5/5
  1401 | D:2      | Found a radiant altar of Vehumet.
  1563 | D:2      | Noticed Sigmund
  1597 | D:2      | Killed Sigmund
  1598 | D:2      | Reached skill level 4 in Maces & Flails
  1598 | D:2      | Reached XP level 6. HP: 29/38 MP: 6/6
  3118 | D:4      | Found a blossoming altar of Fedhas.
  3370 | D:4      | Reached XP level 7. HP: 40/44 MP: 7/7
  3478 | D:4      | Found an opulent altar of Gozag.
  3614 | D:4      | Found a bloodstained altar of Trog.
  3925 | D:4      | Found a staircase to the Ecumenical Temple.
  4005 | Temple   | Entered the Ecumenical Temple
  4102 | Temple   | Became a worshipper of Ashenzari the Shackled
  4218 | D:4      | Reached skill level 5 in Maces & Flails
  4388 | D:5      | Entered Level 5 of the Dungeon
  4617 | D:5      | Found a white marble altar of Elyvilon.
  4625 | D:5      | Found a stormy altar of Qazlal.
  4647 | D:5      | Found a shimmering blue altar of Sif Muna.
  4774 | D:5      | Reached skill level 5 in Armour
  4802 | D:5      | Found Atuylun's Assorted Antiques.
  4806 | D:5      | Reached skill level 5 in Shields
  4823 | D:5      | Bought a scroll labelled DYUP MAMIASU for 28 gold pieces
  4823 | D:5      | Bought a scroll labelled BACULO IQOOKI for 28 gold pieces
  4823 | D:5      | Bought a bubbling cyan potion for 25 gold pieces
  4823 | D:5      | Bought a small glass ring for 140 gold pieces
  4852 | D:5      | Reached skill level 5 in Fighting
  4906 | D:5      | Reached XP level 8. HP: 46/49 MP: 8/8
  5717 | D:6      | Reached * piety under Ashenzari
  5847 | D:6      | Reached skill level 6 in Maces & Flails
  6180 | D:6      | Found a shadowy altar of Dithmenos.
  7020 | D:7      | Noticed Duvessa
  7020 | D:7      | Noticed Dowan
  7040 | D:7      | Reached skill level 7 in Maces & Flails
  7040 | D:7      | Reached XP level 9. HP: 52/55 MP: 3/9
  7057 | D:7      | Killed Duvessa
  7066 | D:7      | Killed Dowan
  7486 | D:7      | Found an ancient bone altar of Kikubaaqudgha.
  7647 | D:7      | Found Bucux's Jewellery Shop.
  7681 | D:7      | Found a blossoming altar of Fedhas.
  7935 | D:8      | Reached skill level 8 in Maces & Flails
  8200 | D:8      | Identified 3 scrolls of acquirement
  8200 | D:8      | Acquired 1035 gold pieces
  8202 | D:8      | Acquired 579 gold pieces
  8204 | D:8      | Acquired 1062 gold pieces
  8336 | D:8      | Reached ** piety under Ashenzari
  8975 | D:8      | Got the uncursed helmet of the Iron City of Dis {rF+ rN+}
  8986 | D:8      | Identified the +0 helmet of the Iron City of Dis {rF+ rN+}
                  | (You found it on level 8 of the Dungeon)
  9221 | D:9      | Reached XP level 10. HP: 55/63 MP: 3/10
  9358 | D:9      | Found Suifu's Elemental Accessories.
  9382 | D:9      | Reached skill level 9 in Maces & Flails
  9597 | D:9      | Noticed a two-headed ogre
  9597 | D:9      | Noticed a boulder beetle
  9718 | D:9      | Reached skill level 5 in Dodging
  9832 | D:9      | Found a staircase to the Orcish Mines.
  9862 | D:9      | Found Qihupp's Armour Shop.
 10063 | D:9      | Bought the +5 scale mail of Tiom {Slay+3} for 583 gold
                  | pieces
 10797 | D:7      | Bought the ring "Qeigel" {+Inv rF+ rC+ EV+4} for 832 gold
                  | pieces
 10893 | D:10     | Entered Level 10 of the Dungeon
 11181 | D:10     | Found Xeyrisk's Assorted Antiques.
 11187 | D:10     | Bought a scroll labelled TAIXTU LAASIE for 26 gold pieces
 11187 | D:10     | Bought a scroll labelled SUUMOC MYCO for 26 gold pieces
 11608 | D:11     | Reached skill level 10 in Maces & Flails
 11656 | D:11     | Noticed a red ugly thing
 11666 | D:11     | Killed a red ugly thing
 11729 | D:11     | Noticed a manticore
 11739 | D:11     | Killed a manticore
 11746 | D:11     | Reached XP level 11. HP: 48/69 MP: 3/11
 11870 | D:11     | Noticed Grum
 11896 | D:11     | Reached *** piety under Ashenzari
 11906 | D:11     | Killed Grum
 11969 | D:11     | Found a staircase to the Lair.
 12039 | D:11     | Found a hide-covered altar of Uskayaw.
 12372 | D:12     | Noticed a boulder beetle
 12399 | D:12     | Reached skill level 11 in Maces & Flails
 12496 | D:12     | Killed a boulder beetle
 12711 | D:12     | Found a bloodstained altar of Trog.
 12712 | D:12     | Noticed a wizard
 12718 | D:12     | Killed a wizard
 12998 | D:12     | Noticed a green ugly thing
 12999 | D:12     | Noticed a cyclops
 13024 | D:12     | Killed a cyclops
 13032 | D:12     | Killed a green ugly thing
 13440 | D:13     | Noticed a brown ugly thing
 13457 | D:13     | Killed a brown ugly thing
 13556 | D:13     | Noticed a deep elf mage
 13564 | D:13     | Noticed a wizard
 13579 | D:13     | Killed a wizard
 13588 | D:13     | Killed a deep elf mage
 13589 | D:13     | Reached XP level 12. HP: 51/77 MP: 12/12
 13640 | D:13     | Identified the Almanac of Combed Thunderclap
 13647 | D:13     | Identified the Almanac of Axaxaxas mlö
 13654 | D:13     | Identified the Incunabulum of Plaster Cramp
 13700 | D:13     | Reached skill level 12 in Maces & Flails
 13779 | D:13     | Reached skill level 10 in Armour
 13789 | D:13     | Reached skill level 10 in Fighting
 14162 | D:14     | Noticed a tengu warrior
 14162 | D:14     | Noticed a tengu warrior
 14186 | D:14     | Killed a tengu warrior
 14202 | D:14     | Killed a tengu warrior
 14251 | D:14     | Reached **** piety under Ashenzari
 14300 | D:14     | Noticed a two-headed ogre
 14301 | D:14     | Noticed a centaur warrior
 14301 | D:14     | Noticed Rupert
 14311 | D:14     | Killed a two-headed ogre
 14312 | D:14     | Noticed Nessos
 14338 | D:14     | Killed Rupert
 14362 | D:14     | Killed Nessos
 14371 | D:14     | Reached skill level 13 in Maces & Flails
 14384 | D:14     | Killed a centaur warrior
 14424 | D:14     | Reached XP level 13. HP: 74/84 MP: 13/13
 14456 | D:14     | Found a gate to the Vaults.
 15106 | D:15     | Entered Level 15 of the Dungeon
 15125 | D:15     | Found a staircase to the Depths.
 15125 | D:15     | Noticed a fire giant
 15147 | D:15     | Killed a fire giant
 15343 | D:14     | Reached skill level 14 in Maces & Flails
 15436 | D:15     | Found a transporter.
 15557 | D:15     | Found a transporter.
 15561 | D:15     | Identified the +4 great mace of the Hawk {antimagic, rElec
                  | rF- rC+++ Str-2}
 15571 | D:15     | Found a bloodstained altar of Trog.
 15574 | D:15     | Identified the +4 great sword of the Kidney {vamp, *Slow
                  | rC+ SInv}
 15594 | D:15     | Noticed Borgoz's ghost (journeyman MiFi)
 16079 | D:15     | Found Zotiraxa's Weapon Emporium.
 16083 | D:15     | Found Qiliac's Magic Scroll Emporium.
 16083 | D:15     | Found Zuidghit's Distillery.
 16084 | D:15     | Found Kawoergh's Assorted Antiques.
 16084 | D:15     | Reached ***** piety under Ashenzari
 16091 | D:15     | Bought a potion of might for 64 gold pieces
 16095 | D:15     | Bought a glowing cloak for 307 gold pieces
 16095 | D:15     | Bought a scroll of identify for 82 gold pieces
 16115 | D:15     | Bought a scroll of identify for 38 gold pieces
 16115 | D:15     | Bought 3 scrolls of teleportation for 171 gold pieces
 16115 | D:15     | Bought a scroll of identify for 38 gold pieces
 16545 | Lair:1   | Entered Level 1 of the Lair of Beasts
 16792 | Lair:1   | Gained mutation: Your large and strong wings let you fly
                  | indefinitely. [Gargoyle growth]
 16792 | Lair:1   | Reached XP level 14. HP: 91/91 MP: 14/14
 17861 | Lair:2   | Got the cursed buckler of the Evening Star {rF+ rN++ Str-3}
 18126 | Lair:2   | Reached skill level 15 in Maces & Flails
 18454 | Lair:3   | Found a runed translucent door.
 18501 | Lair:3   | Found a staircase to the Snake Pit.
 18507 | Lair:3   | Noticed Fuxod's ghost (journeyman GnWn)
 18662 | Lair:3   | Killed Fuxod's ghost
 20069 | Lair:4   | Found a staircase to the Shoals.
 20543 | Lair:5   | Found a staircase to the Slime Pits.
 20554 | Lair:5   | Reached XP level 15. HP: 97/97 MP: 15/15
 20820 | Lair:5   | Got the uncursed leather armour of the Evening Star {Harm
                  | Dex+3}
 20821 | Lair:5   | Identified the +0 leather armour of the Evening Star {Harm
                  | Dex+3} (You found it on level 5 of the Lair of Beasts)
 21263 | Lair:6   | Entered Level 6 of the Lair of Beasts
 21437 | Lair:6   | Found a transporter.
 21442 | Lair:6   | Noticed Hyawatha's ghost (journeyman GrGl)
 21443 | Lair:6   | Identified the cursed +0 cloak of Curiosity {rPois Will+}
 21455 | Lair:6   | Found a transporter.
 21472 | Lair:6   | Reached skill level 10 in Dodging
 21486 | Lair:6   | Reached skill level 16 in Maces & Flails
 21949 | Lair:6   | Identified the +10 glaive of Castray {venom, rF+}
 22300 | Lair:6   | Killed Hyawatha's ghost
 22678 | D:15     | Mangled by an orc knight

Illustrated notes

Levels and vault maps discovered:
D:1:      nicolae_arrival_memento_mori, layout_rooms
D:2:      layout_loops_ring, fiery_altar_vehumet, minivault_4,
          chequers_serial_rivers_marsh, minmay_joined_circles, uniq_sigmund
D:3:      layout_basic
D:4:      layout_loops_ring, old_standard_altar, lightli_temple_of_fire,
          lemuel_temple_firewalk_a, serial_aquarium, aquarium_bridge_square
          [aquarium_subvault_wall, aquarium_subvault_bridge,
          aquarium_subvault_wall, aquarium_subvault_wall], aquarium_window_fake,
          aquarium_window_corner, aquarium_view_2e, aquarium_pool_side,
          nicolae_gozag_cash_rules_everything_around_me
D:5:      layout_basic, minitemple, serial_shops, nicolae_shop_window_shopping
D:6:      layout_layer_cave, grunt_dithmenos_smoke_and_mirrors
D:7:      layout_rooms, overflow_temple_1_default, basic_altar, serial_shops,
          shop, uniq_duvessa
D:8:      layout_cave_pods
D:9:      layout_stronghold, orc_david_3, nicolae_elemental_shop,
          grunt_ogre_cave, lightli_corner_chamber
D:10:     layout_irregular_city, serial_shops, shop, minivault_20
D:11:     layout_roguey, lair_entry_dummy, basic_altar, uniq_grum
D:12:     layout_long_grid, trog_wizard
D:13:     layout_roguey, minmay_hedge_maze, bh_hangedman_babel_library
D:14:     layout_loops_ring, david_vaults_3, minmay_misc_feat_x,
          hangedman_abyss_or_decor_passed
D:15:     grunt_enter_depths_giant_problem, layout_layer_cave,
          gammafunk_ghost_wrathful_warriors, minmay_shop_grid_forest
Temple:   regret_index_temple_waves
Lair:1:   layout_chaotic_city
Lair:2:   layout_cave_pods, st_stairs_10, beast_lair_carwin_3
Lair:3:   layout_cave_shapes, minmay_snake_entry_six_corridors,
          ebering_ghost_inner_flame, chequers_serial_rivers_large_b,
          grunt_megastairs_3, lemuel_fruit_fields
Lair:4:   layout_regular_city, elwin_shoals_entry_rooms, roderic_carrion_pond,
          grunt_megastairs_5
Lair:5:   lemuel_slime, layout_cave_pods, minmay_slime_entry_pillars
Lair:6:   gammafunk_lair_ancient_temple, layout_gridlike,
          gammafunk_ghost_berserking_beasts, serial_bayou_shore_b

Skill      XL: |  1  2  3  4  5  6  7  8  9 10 11 12 13 14 15 |
---------------+----------------------------------------------+-----
Maces & Flails | 3 4 5 7 8 10 11 13 14 15 16 | 16.5
Dodging        | 1 2 3 4 5 6 7 8 9 10 | 10.3
Fighting       | 4 5 6 7 8 9 10 11 12 13 | 13.4
Armour         | 4 5 6 7 8 9 10 11 12 13 | 13.4
Shields        | 4 5 |  5.0

Action                   |  1- 3 |  4- 6 |  7- 9 | 10-12 | 13-15 || total
-------------------------+-------+-------+-------+-------+-------++-------
Melee: Flail             |    91 |   249 |   564 |   586 |       ||  1490
       Morningstar       |       |       |       |   238 |  1254 ||  1492
Throw: Throwing net      |       |       |       |     3 |       ||     3
Invok: Curse Item        |       |       |       |       |     2 ||     2
 Abil: Fly               |       |       |       |       |     1 ||     1
Evoke: Wand              |       |       |       |       |     1 ||     1
  Use: Potion            |       |     6 |     1 |     4 |     2 ||    13
       Scroll            |       |       |    16 |     3 |    11 ||    30
 Stab: Invisible         |       |       |       |    14 |     7 ||    21
Armor: Scale mail        |    29 |       |       |   269 |   475 ||   773
       Ring mail         |    41 |   173 |   383 |    51 |       ||   648
Dodge: Dodged            |    31 |   137 |   350 |   449 |  1338 ||  2305
Block: Kite shield       |    65 |   176 |   405 |   401 |   761 ||  1808
